 Dungeon Crawl Stone Soup version 0.20.1-1-g8b1a95d66d (webtiles) character file.

412 Gargoyl the Skirmisher (level 6, -1/58 HPs)
             Began as a Centaur Abyssal Knight on Nov 25, 2017.
             Was a Believer of Lugonu.
             Slain by Allophanate's ghost (6 damage)
             ... on level 4 of the Dungeon.
             The game lasted 00:07:50 (4427 turns).

Gargoyl the Skirmisher (Centaur Abyssal Knight)     Turns: 4427, Time: 00:07:51

Health: -1/58      AC: 11    Str: 18    XL:     6   Next: 59%
Magic:  8/8        EV:  8    Int: 13    God:    Lugonu [**....]
Gold:   153        SH:  0    Dex: 16    Spells: 5/5 levels left

rFire    . . .     SeeInvis .   a - +1 hand axe
rCold    + . .     Gourm    .   (no shield)
rNeg     . . .     Faith    .   p - +0 plate armour
rPois    .         Spirit   .   m - +1 helmet
rElec    .         Reflect  .   (no cloak)
rCorr    .         Harm     .   (no gloves)
MR       +....                  (no barding)
Stlth    ..........             (no amulet)
Regen    0.2/turn               q - +2 ring of intelligence
MPRegen  0.2/turn               o - ring of Haeghyunk {MR+ Str+2}

@: agile, very quick
A: hooves 3, cold resistance 1, deformed body, speed 2, robust 1, strong 1,
tough skin 3
a: Depart the Abyss, Bend Space, Renounce Religion


You were on level 4 of the Dungeon.
You worshipped Lugonu.
Lugonu was pleased with you.
You were not hungry.

You visited 1 branch of the dungeon, and saw 4 of its levels.
You visited the Abyss 1 time.

You collected 153 gold pieces.

Inventory:

Hand Weapons
 a - a +1 hand axe (weapon)
 r - a +2 antimagic war axe
Armour
 m - a +1 helmet (worn)
 p - a +0 plate armour (worn)
Jewellery
 o - the ring of Haeghyunk (right hand) {MR+ Str+2}
   (You found it on level 4 of the Dungeon)

   [ring of protection from magic]

   It affects your strength (+2).
   It affects your resistance to hostile enchantments.
 q - a +2 ring of intelligence (left hand)
Scrolls
 b - a scroll of fog
 g - 2 scrolls of teleportation
 h - a scroll of remove curse
 i - a scroll of identify
Potions
 e - a potion of flight
 n - a potion of invisibility {unknown}
 t - a potion of might {unknown}
Comestibles
 c - 5 bread rations
 d - 2 royal jellies
 k - 4 meat rations
 l - 4 fruits
 s - 3 chunks of flesh


   Skills:
 + Level 4.4 Fighting
 + Level 4.0 Axes
 * Level 2.4 Armour
 + Level 1.2 Dodging
 * Level 3.8 Invocations


You had 5 spell levels left.
You didn't know any spells.

Dungeon Overview and Level Annotations

Branches:
Dungeon (4/15)
 Temple: D:4-7

Altars:
Ashenzari
Dithmenos
Elyvilon
Trog
Vehumet
Zin

Annotations:
D:4 Allophanate's ghost, amateur TrMo


Innate Abilities, Weirdness & Mutations

You have hooves in place of feet.
Armour fits poorly on your strangely shaped body.
You cover ground very quickly.
You have extremely tough skin. (AC +3)
Your flesh is cold resistant. (rC+)
You are robust. (+10% HP)
Your muscles are strong. (Str +2)


Message History

Allophanate's ghost is severely damaged.
Allophanate's ghost hits you but does no damage.
You hit Allophanate's ghost but do no damage.
You kick Allophanate's ghost.
Allophanate's ghost is severely damaged.
Allophanate's ghost hits you!
You closely miss Allophanate's ghost. You kick Allophanate's ghost.
Allophanate's ghost is severely damaged.
Allophanate's ghost hits you but does no damage.
Allophanate's ghost hits you!
* * * LOW HITPOINT WARNING * * *
You hit Allophanate's ghost.
Allophanate's ghost is almost destroyed.
Allophanate's ghost hits you!
* * * LOW HITPOINT WARNING * * *
You hit Allophanate's ghost but do no damage.
You kick Allophanate's ghost, but do no damage.
Allophanate's ghost is almost destroyed.
Allophanate's ghost hits you.
You die...

#..# #.##.# #####
#..####.##.######....
#...##............###
#)#.##..##.##.##.##
#.#.##..##.##.##>####
#.#.##..##.##[##....W
#.#.##).##.##.#######
#....#..##.##.#
#..#@....>.##.#
##..W#..#####.# ###
##.#...### #.#####.#
#.#.#...# ........
#.#...#.# #.......
#.###.#.## .###... #.
#....# ##.#
#.#####..###.# #.#
#............# ##.#


You could see Allophanate's ghost.

Vanquished Creatures
  2 eyes of draining (D:3)
  An orc priest (D:3)
  An iguana (D:4)
  A worker ant (D:4)
  Robin (D:3)
  2 gnolls
  4 adders
  An ufetubus (Abyss:1)
  A worm (D:2)
  A dart slug (D:1)
  4 leopard geckos
  4 orcs
  A ball python (D:2)
  5 bats
  2 giant cockroaches
  12 goblins
  8 hobgoblins
  5 jackals
  7 kobolds
  A quokka (D:3)
  5 frilled lizards
  12 rats
81 creatures vanquished.

Notes
Turn   | Place    | Note
-------+----------+-------------------------------------------
     0 | Abyss:1  | Gargoyl the Centaur Abyssal Knight began the quest for the Orb.
     0 | Abyss:1  | Reached XP level 1. HP: 19/19 MP: 2/2
    43 | Abyss:1  | Noticed a quasit
    56 | Abyss:1  | Noticed an ancient zyme
    68 | Abyss:1  | Noticed an orange demon
   213 | Abyss:1  | Noticed a raiju
   213 | Abyss:1  | Gained mutation: You are robust. (+10% HP) [potion of mutation]
   213 | Abyss:1  | Gained mutation: Your flesh is cold resistant. (rC+) [potion of mutation]
   213 | Abyss:1  | Gained mutation: Your muscles are strong. (Str +2) [potion of mutation]
   214 | D:1      | Escaped the Abyss
   343 | D:1      | Reached XP level 2. HP: 17/28 MP: 3/3
   761 | D:1      | Found a shattered altar of Ashenzari.
  1064 | D:2      | Found a shadowy altar of Dithmenos.
  1088 | D:2      | Reached XP level 3. HP: 34/34 MP: 4/4
  1203 | D:2      | Reached * piety under Lugonu
  1757 | D:2      | Reached skill level 1 in Dodging
  1757 | D:2      | Reached XP level 4. HP: 36/44 MP: 4/6
  2111 | D:2      | Found a white marble altar of Elyvilon.
  2111 | D:2      | Found a glowing silver altar of Zin.
  2640 | D:3      | Found a radiant altar of Vehumet.
  2751 | D:3      | Noticed Robin
  2753 | D:3      | Reached XP level 5. HP: 50/50 MP: 7/7
  2773 | D:3      | Reached ** piety under Lugonu
  2784 | D:3      | Killed Robin
  3102 | D:3      | Found a bloodstained altar of Trog.
  3102 | D:3      | Noticed an eye of draining
  3103 | D:3      | Noticed an eye of draining
  3116 | D:3      | Killed an eye of draining
  3127 | D:3      | Killed an eye of draining
  3127 | D:3      | Reached XP level 6. HP: 57/57 MP: 1/8
  3486 | D:4      | Got a bound copper ring
  3619 | D:4      | Noticed Allophanate's ghost (amateur TrMo)
  3853 | D:3      | Identified the ring of Haeghyunk {MR+ Str+2} (You found it on level 4 of the Dungeon)
  4427 | D:4      | Slain by Allophanate's ghost

Skill      XL: |  1  2  3  4  5  6 |
---------------+-------------------+-----
Axes           | 2 3 4 |  4.0
Dodging        | 1 |  1.2
Armour         | 2 |  2.4
Invocations    | 3 |  3.8
Fighting       | 4 |  4.4

Action                   |  1- 3 |  4- 6 || total
-------------------------+-------+-------++-------
Melee: Hand axe          |   107 |   136 ||   243
       Kick              |    11 |    41 ||    52
       War axe           |       |    21 ||    21
Invok: Depart the Abyss  |     1 |       ||     1
  Use: Scroll            |     6 |     1 ||     7
       Potion            |     1 |     2 ||     3
  Eat: Chunk             |     1 |     8 ||     9
Armor: Leather armour    |    39 |     7 ||    46
       Chain mail        |       |    42 ||    42
       Plate armour      |       |    44 ||    44
Dodge: Dodged            |    67 |    34 ||   101
